 Dungeon Crawl Stone Soup version 0.29.0-7-g18a832c13a (webtiles) character file.

Game seed: 17724205800250854478

157181 greasedhog the Gargoyle Cataclysm (level 17, -1/166 HPs)
             Began as a Gargoyle Fighter on Sept 1, 2022.
             Was a High Priest of Qazlal.
             Slain by a ghost moth (8 damage)
             ... on level 3 of the Lair of Beasts.
             The game lasted 00:55:13 (23724 turns).

greasedhog the Gargoyle Cataclysm (GrFi)           Turns: 23724, Time: 00:55:13

Health: -1/166     AC: 32    Str: 17 (31) XL:     17   Next: 39%
Magic:  0/29       EV:  2    Int: -12 (4) God:    Qazlal [*****.]
Gold:   1977       SH:  0    Dex: -7 (6)  Spells: 16/16 levels left

rFire   + . .      SeeInvis .   a - +3 demon whip (venom)
rCold   . . .      Faith    .   T - +2 tower shield
rNeg    + . .      Spirit   .   (body armour currently unavailable)
rPois   ∞          Reflect  .   (helmet currently unavailable)
rElec   +          Harm     .   (cloak currently unavailable)
rCorr   .          Rampage  .   (gloves currently unavailable)
Will    +....      NoTele   +   (boots currently unavailable)
Stlth   ..........              p - amulet of regeneration
HPRegen 1.17/turn               h - ring of Vukodoxi {rElec AC+4 Str+5 Int-5 Dex-5}
MPRegen 0.21/turn               V - ring of protection from fire

@: tree-form, hasted and slowed, lost intelligence, lost dexterity, repel
missiles, unable to read
A: stationary, stasis, torment immunity, boosted hp, sickness immunity, AC +12,
(big wings), negative energy resistance 1, (electricity resistance), torment
resistance 1, petrification resistance
}: 1/15 runes: decaying
a: Renounce Religion, Upheaval, Elemental Force, Disaster Area


You were on level 3 of the Lair of Beasts.
You worshipped Qazlal.
Qazlal was extremely pleased with you.
You were a tree.
You visited 5 branches of the dungeon, and saw 27 of its levels.

You collected 2991 gold pieces.
You spent 1014 gold pieces at shops.

Inventory:

Hand Weapons
 a - a +3 demon whip of venom (weapon)
 b - a +1 mace of holy wrath
Missiles
 l - 5 silver javelins (quivered)
 t - 7 throwing nets
Armour
 f - a +2 cloak of stealth (melded)
 g - a +1 pair of gloves (melded)
 H - a +0 plate armour of cold resistance
 I - a +0 pair of boots (melded)
 T - a +2 tower shield (worn)
 W - the +1 plate armour of Utaexum (melded) {rF+ Will+}
   (You found it on level 14 of the Dungeon)

   rF:        It protects you from fire.
   Will:      It increases your willpower.
Jewellery
 h - the ring of Vukodoxi (left branch) {rElec AC+4 Str+5 Int-5 Dex-5}
   (You bought it in a shop on level 2 of the Orcish Mines)

   [ring of protection]

   AC:        It affects your AC (+4).
   Str:       It affects your strength (+5).
   Int:       It affects your intelligence (-5).
   Dex:       It affects your dexterity (-5).
   rElec:     It insulates you from electricity.
 p - an amulet of regeneration (around neck)
 y - a ring of positive energy
 N - a ring of resist corrosion
 P - a ring of willpower
 R - a ring of ice
 V - a ring of protection from fire (right branch)
Wands
 k - a wand of iceblast (44)
 x - a wand of paralysis (51)
 E - a wand of flame (37)
 J - a wand of mindburst (7)
 S - a wand of light (2)
 U - a wand of polymorph (2)
Scrolls
 i - a scroll of fear
 m - a scroll of summoning
 n - 8 scrolls of amnesia
 o - 7 scrolls of immolation
 q - 6 scrolls of vulnerability
 r - a scroll of silence
 s - 4 scrolls of poison
 u - 4 scrolls of magic mapping
 w - 3 scrolls of fog
 F - 7 scrolls of teleportation
 M - 5 scrolls of enchant armour
 O - 3 scrolls of brand weapon
 Y - a scroll of blinking
Potions
 c - 4 potions of attraction
 d - 4 potions of haste
 e - 10 potions of curing
 j - 8 potions of invisibility
 v - 3 potions of cancellation
 A - a potion of ambrosia
 C - 2 potions of might
 D - 4 potions of lignification
 G - a potion of resistance {unknown}
 K - 5 potions of degeneration
 L - 5 potions of mutation {unknown}
 Q - a potion of magic {unknown}
 X - a potion of flight {unknown}
Miscellaneous
 B - a condenser vane


   Skills:
 * Level 14.1 Fighting
 - Level 12.0 Maces & Flails
 - Level 10.0 Armour
 - Level 5.0 Dodging
 * Level 16.1 Shields
 * Level 17.4 Invocations
 - Level 10.0 Evocations


You had 16 spell levels left.
You didn't know any spells.
Your spell library contained the following spells:

 Spells                   Type           Power      Damage    Failure   Level
 Apportation              Tloc           0%         N/A       94%         1
 Beastly Appendage        Tmut           0%         N/A       94%         1
 Freeze                   Ice            0%         1d3       94%         1
 Magic Dart               Conj           0%         1d3       94%         1
 Slow                     Hex            0%         N/A       94%         1
 Ensorcelled Hibernation  Hex/Ice        0%         N/A       98%         2
 Passwall                 Tmut/Erth      0%         N/A       98%         2
 Poisonous Vapours        Pois/Air       0%         N/A       98%         2
 Confusing Touch          Hex            0%         N/A       100%        3
 Dazzling Flash           Conj/Hex       0%         N/A       100%        3
 Portal Projectile        Hex/Tloc       0%         N/A       100%        3
 Swiftness                Air            0%         N/A       100%        3
 Tukima's Dance           Hex            0%         N/A       100%        3
 Vampiric Draining        Necr           0%         2d6       100%        3
 Anguish                  Hex/Necr       0%         N/A       100%        4
 Animate Dead             Necr           0%         N/A       100%        4
 Corpse Rot               Necr/Pois/Air  0%         N/A       100%        4
 Fulminant Prism          Conj/Hex       0%         3d6       100%        4
 Iskenderun's Mystic Bla  Conj/Tloc      0%         2d3       100%        4
 Petrify                  Tmut/Erth      0%         N/A       100%        4
 Summon Lightning Spire   Summ/Air       0%         N/A       100%        4
 Agony                    Necr           0%         N/A       100%        5
 Alistair's Intoxication  Tmut/Pois      0%         N/A       100%        5
 Blade Hands              Tmut           0%         N/A       100%        5
 Borgnjor's Vile Clutch   Necr/Erth      0%         N/A       100%        5
 Lee's Rapid Deconstruct  Erth           0%         3d5*      100%        5
 Metabolic Englaciation   Hex/Ice        0%         N/A       100%        5
 Silence                  Hex/Air        0%         N/A       100%        5
 Yara's Violent Unravell  Hex/Tmut       0%         3d3       100%        5
 Death Channel            Necr           0%         N/A       100%        6
 Dispersal                Tloc           0%         N/A       100%        6
 Enfeeble                 Hex            0%         N/A       100%        7
 Storm Form               Tmut/Air       0%         N/A       100%        7
 Disjunction              Tloc           0%         N/A       100%        8
 Maxwell's Capacitive Co  Air            0%         ∞         100%        8
 Statue Form              Tmut/Erth      Unusable   N/A       N/A         6

Dungeon Overview and Level Annotations

Branches:
Dungeon (15/15)              Lair (5/5) D:9           Swamp (4/4) Lair:3
 Spider (1/4) Lair:2        Slime (0/5) Lair:5          Orc (2/2) D:9
    Elf (0/3) Orc:2        Vaults (0/5) D:13         Depths (0/4) D:15
 Temple: D:4-7

Altars:
Ashenzari
Cheibriados
Elyvilon
Okawaru
Qazlal
Ru
Sif Muna
Trog
Wu Jian
Xom
Yredelemnul
Zin
Jiyva

Shops:
Orc:1 =   Orc:2 =((=

Annotations:
D:3 1 runed translucent door


Innate Abilities, Weirdness & Mutations

You are a tree.
Your roots penetrate the ground, keeping you stationary.
You cannot be teleported.
You are immune to unholy pain and torment.
Your maximum health is greatly increased.
Your equipment is partially melded.
You are immune to sickness and miasma.
((Your stone body is resilient. (AC +12)))
You are immune to poison.
((Your large and strong wings let you fly.))
You resist negative energy. (rN+)
((You are resistant to electric shocks. (rElec)))
You are resistant to unholy torment.
You are immune to petrification.


Message History

You feel better.
You feel less invigorated. Something hits you.
* * * LOW HITPOINT WARNING * * *
Something hits you but does no damage.
Something stings you but does no damage.
Something hits you but does no damage. x2
Something stings you but does no damage.
Something hits you but does no damage. x2; Something stings you.
* * * LOW HITPOINT WARNING * * *
You feel better.
Something hits you but does no damage. x2
Something stings you.
* * * LOW HITPOINT WARNING * * *
Something hits you but does no damage. x2
Something stings you but does no damage.
You cannot move.
You miss something. Something completely misses you. Something hits you!
* * * LOW HITPOINT WARNING * * *
Something stings you but does no damage.
Something hits you but does no damage. Something hits you.
* * * LOW HITPOINT WARNING * * *
Something stings you.
* * * LOW HITPOINT WARNING * * *
You feel better.
Something hits you but does no damage. x2
Something stings you.
* * * LOW HITPOINT WARNING * * *
You feel you are being watched by something.
You feel your power leaking away.
Something hits you but does no damage. x2
Something stings you but does no damage.
You feel better. Something hits you.
* * * LOW HITPOINT WARNING * * *
Something hits you but does no damage.
Something stings you but does no damage.
Something hits you.
* * * LOW HITPOINT WARNING * * *
Something hits you but does no damage. Something completely misses you.
It was a potion of degeneration.
There was something very wrong with that liquid.
You feel weakened.
You feel dopey.
You feel clumsy. Something hits you but does no damage. Something hits you!
You die...

..#................#..####...####
........##.>....###...####..⌠...#
......##.#....#.##.....#..#...#..
†...#.####.#####..........##..#.#
......####[#.##........^.....#..#
......#...#.....................#
...........[).○..................
..............°.§☼...[..........#
..........^...°{♣.§..............
...............{°○°.)...........#
...............°.§○..............
.................................
...############################..
...###~.(≈≈# #### #..=..#..
...#≈≈~≈≈≈### ##..# ##...###.
...#≈~≈≈...~# #...# ##....# ##
...#≈#~≈≈.~### #..#####≈....#


There were no monsters in sight!

Vanquished Creatures
  A thorn hunter (Swamp:3)
  A tengu reaver (D:14)
  Roxanne (Swamp:4)
  A fire giant (D:15)
  Kirke (D:15)
  A ghost moth (Lair:3)
  2 eleionomae
  5 dire elephants
  4 bunyips
  4 fire dragons
  Fannar (D:11)
  8 vault guards (D:13)
  2 ghost crabs
  2 boulder beetles
  17 hydras
  A catoblepas (Lair:2)
  An ogre mage (D:15)
  3 centaur warriors
  8 two-headed ogres
  2 alligators
  13 death yaks
  A spriggan berserker (Swamp:3)
  Sonja (Lair:4)
  Amaemon (D:8)
  A fire crab (Swamp:4)
  7 goliath frogs
  A spectral anaconda (Lair:5)
  2 spriggan druids
  An obsidian statue (Lair:5)
  9 swamp dragons
  A wizard (D:14)
  3 bog bodies
  A phantasmal warrior (D:14)
  3 lindwurms
  3 deep elf pyromancers (D:15)
  An oklob plant (Lair:3)
  4 necromancers (Lair:5)
  7 orc knights (Orc:2)
  3 wolf spiders (Spider:1)
  2 cyclopes
  13 ugly things
  5 manticores
  21 elephants
  A moth of wrath (Swamp:1)
  Maurice (D:9)
  3 black mambas
  Maggie (D:6)
  A dire elephant zombie (Lair:5)
  An orange demon (D:8)
  2 gargoyles
  4 kobold demonologists
  12 cane toads
  A freezing wraith (D:15)
  2 rime drakes
  A yaktaur (D:15)
  12 komodo dragons
  An unseen horror (D:10)
  A meliai (Lair:2)
  11 trolls
  8 tyrant leeches
  A polar bear (Lair:1)
  A wolf spider simulacrum (D:15)
  7 hornets
  16 slime creatures
  3 spectral elephants (Lair:5)
  A tarantella (shapeshifter) (D:13)
  A blink frog (Lair:1)
  10 dream sheep
  Prince Ribbit (D:8)
  Sigmund (D:3)
  A culicivora (Spider:1)
  A shadow (D:11)
  39 yaks
  A wraith (D:9)
  9 spriggans
  A vampire (D:10)
  A hog (D:15)
  3 wyverns
  2 basilisks
  2 humans (D:15)
  4 fire bats (Lair:2)
  6 steam dragons
  2 death yak simulacra (Lair:5)
  4 vampire mosquitoes (Lair:3)
  Menkaure (D:6)
  4 spectral cane toads (Lair:5)
  A swamp worm (shapeshifter) (D:14)
  10 wargs
  11 swamp worms
  3 acid dragons
  11 water moccasins
  A water moccasin (shapeshifter) (D:15)
  9 swamp drakes
  3 sky beasts
  Pargi (D:3)
  An ice beast (D:6)
  40 orc warriors
  An elephant zombie (Lair:5)
  4 ogres
  10 centaurs
  3 kobold brigands
  2 phantoms (D:5)
  14 bullfrogs
  2 necrophages
  4 two-headed ogre simulacra (Orc:2)
  A gnoll sergeant (D:8)
  2 cane toad simulacra
  A scorpion (D:6)
  A water moccasin skeleton (D:3)
  An elephant simulacrum (Lair:5)
  20 killer bees
  A howler monkey (D:8)
  5 electric eels
  3 hounds
  3 jellies
  14 orc priests
  3 gnoll boudas
  18 iguanas
  Jessica (D:3)
  21 orc wizards
  2 troll simulacra (Orc:2)
  A spriggan simulacrum (Orc:2)
  A hound zombie (D:3)
  2 hound skeletons (D:3)
  28 gnolls
  6 adders
  2 shadow imps
  An adder zombie (D:3)
  2 adder skeletons (D:3)
  6 dart slugs
  A worm (D:4)
  87 orcs
  6 endoplasms
  A giant cockroach (D:2)
  8 goblins
  9 hobgoblins
  7 jackals (D:3)
  4 quokkas
  5 ball pythons
  2 ball python skeletons (D:3)
  A ball python zombie (D:3)
  3 bats
  14 frilled lizards
  20 kobolds
  A rat (D:3)
  6 briar patches (Swamp:3)
808 creatures vanquished.

Vanquished Creatures (collateral kills)
  A hydra (D:12)
  A two-headed ogre (Orc:2)
  An orc sorcerer (Orc:2)
  4 orc knights (Orc:2)
  Psyche (D:12)
  A polar bear (Lair:4)
  A wraith (D:12)
  A warg (Orc:2)
  An orc warrior (Orc:2)
  An orc priest (D:12)
  5 orcs
18 creatures vanquished.

Vanquished Creatures (others)
  An alligator (Swamp:4)
  A spriggan druid (Swamp:1)
  5 bloated husks
  2 swamp drakes (Swamp:4)
  A centaur (D:15)
  An orc wizard (D:7)
  2 orcs (D:11)
  A kobold (D:11)
  2 frilled lizards (Lair:3)
  2 briar patches (Swamp:3)
  7 fungi
  20 plants
  23 withered plants
68 creatures vanquished.

Grand Total: 894 creatures vanquished

Notes
Turn   | Place    | Note
-------+----------+-------------------------------------------
     0 | D:1      | greasedhog the Gargoyle Fighter began the quest for the
                  | Orb.
     0 | D:1      | Reached XP level 1. HP: 14/14 MP: 1/1
   204 | D:1      | Reached XP level 2. HP: 19/19 MP: 2/2
   755 | D:1      | Identified a scroll of acquirement
   770 | D:1      | Acquired 376 gold pieces
   843 | D:2      | Reached XP level 3. HP: 24/24 MP: 3/3
  1199 | D:2      | Found a faded altar of an unknown god.
  1556 | D:3      | Found a white marble altar of Elyvilon.
  1599 | D:3      | Noticed Sigmund
  1611 | D:3      | Killed Sigmund
  1612 | D:3      | Reached skill level 5 in Fighting
  1612 | D:3      | Reached XP level 4. HP: 17/31 MP: 4/4
  1612 | D:3      | Reached XP level 5. HP: 19/35 MP: 5/5
  1698 | D:3      | Reached XP level 6. HP: 31/40 MP: 6/6
  1720 | D:3      | Noticed Pargi
  1748 | D:3      | Killed Pargi
  1901 | D:3      | Reached skill level 5 in Maces & Flails
  2001 | D:3      | Found a stormy altar of Qazlal.
  2015 | D:3      | Became a worshipper of Qazlal Stormbringer
  2050 | D:3      | Found a runed translucent door.
  2050 | D:3      | Noticed a human
  2054 | D:3      | Found a basalt altar of Yredelemnul.
  2163 | D:3      | Noticed Jessica
  2172 | D:3      | Killed Jessica
  2173 | D:3      | Reached XP level 7. HP: 44/44 MP: 7/7
  2467 | D:3      | Got Decziafu's Starting Magic
  2721 | D:4      | Found an iron altar of Okawaru.
  2907 | D:4      | Reached skill level 5 in Armour
  3217 | D:5      | Entered Level 5 of the Dungeon
  3364 | D:5      | Reached * piety under Qazlal
  3365 | D:5      | Reached skill level 1 in Dodging
  3637 | D:5      | Noticed a troll
  3644 | D:5      | Killed a troll
  3645 | D:5      | Reached XP level 8. HP: 50/50 MP: 8/8
  4083 | D:6      | Noticed Menkaure
  4091 | D:6      | Killed Menkaure
  4125 | D:6      | Reached ** piety under Qazlal
  4126 | D:6      | Reached XP level 9. HP: 54/54 MP: 9/9
  4202 | D:6      | Found a sacrificial altar of Ru.
  4213 | D:6      | Found a shimmering blue altar of Sif Muna.
  4213 | D:6      | Found a snail-covered altar of Cheibriados.
  4229 | D:6      | Reached skill level 5 in Dodging
  4246 | D:6      | Noticed Maggie
  4258 | D:6      | Killed Maggie
  4259 | D:6      | Reached skill level 1 in Invocations
  4360 | D:6      | Reached skill level 2 in Invocations
  4689 | D:7      | Reached skill level 3 in Invocations
  4800 | D:7      | Identified the +10 dagger of the Inferno {venom, rC- Int+2
                  | Dex+4}
  4857 | D:7      | Reached skill level 5 in Shields
  4921 | D:7      | Reached skill level 4 in Invocations
  4984 | D:7      | Reached XP level 10. HP: 58/59 MP: 13/13
  5011 | D:7      | Reached *** piety under Qazlal
  5017 | D:7      | Found a bloodstained altar of Trog.
  5186 | D:7      | Reached skill level 5 in Invocations
  5236 | D:8      | Noticed Amaemon
  5236 | D:8      | Noticed an orange demon
  5273 | D:8      | Killed Amaemon
  5274 | D:8      | Reached skill level 10 in Maces & Flails
  5284 | D:8      | Killed an orange demon
  5354 | D:8      | Found Zin's Purification Station.
  5355 | D:8      | Found a glowing silver altar of Zin.
  5360 | D:8      | Bought a potion of curing for 90 gold pieces
  5474 | D:8      | Found a shimmering altar of Xom.
  5480 | D:8      | Noticed Prince Ribbit
  5487 | D:8      | Reached skill level 6 in Invocations
  5522 | D:8      | Killed Prince Ribbit
  6007 | D:8      | Reached **** piety under Qazlal
  6128 | D:8      | Reached skill level 7 in Invocations
  6242 | D:9      | Noticed Maurice
  6365 | D:8      | Reached XP level 11. HP: 64/64 MP: 16/16
  6456 | D:9      | Identified the +8 scimitar of Honour {protect, *Slow rPois
                  | Int+4}
  6591 | D:9      | Found a staircase to the Lair.
  6632 | D:9      | Killed Maurice
  6650 | D:9      | Found a staircase to the Orcish Mines.
  6854 | D:9      | Reached skill level 8 in Invocations
  7182 | Orc:1    | Entered Level 1 of the Orcish Mines
  7372 | Orc:2    | Entered Level 2 of the Orcish Mines
  7468 | Lair:1   | Entered Level 1 of the Lair of Beasts
  7485 | Lair:1   | Reached skill level 1 in Evocations
  7951 | Lair:1   | Noticed a lindwurm
  7967 | Lair:1   | Killed a lindwurm
  8266 | Lair:1   | Reached skill level 10 in Shields
  8308 | Lair:1   | Reached XP level 12. HP: 69/69 MP: 18/18
  8319 | Lair:2   | Noticed a catoblepas
  8336 | Lair:1   | Reached ***** piety under Qazlal
  8428 | Lair:2   | Killed a catoblepas
  8483 | Lair:2   | Found a shimmering blue altar of Sif Muna.
  8607 | Lair:2   | Reached skill level 5 in Evocations
  8772 | Lair:2   | Found a hole to the Spider Nest.
  8863 | Lair:2   | Noticed a dire elephant
  8878 | Lair:2   | Killed a dire elephant
  8909 | Lair:2   | Identified the +9 dagger "Suluc" {protect, Will++}
  9346 | Lair:3   | You are sucked into a shaft and drop 1 floor!
  9466 | Lair:4   | Noticed a death yak
  9468 | Lair:4   | Noticed a death yak
  9482 | Lair:4   | Noticed a death yak
  9498 | Lair:4   | Killed a death yak
  9499 | Lair:4   | Reached XP level 13. HP: 67/81 MP: 19/19
  9515 | Lair:4   | Reached skill level 10 in Fighting
  9852 | Lair:3   | Found a staircase to the Swamp.
 10812 | Lair:4   | Noticed Sonja
 10849 | Lair:4   | Killed Sonja
 11428 | Lair:5   | Entered Level 5 of the Lair of Beasts
 11468 | Lair:4   | Reached skill level 9 in Invocations
 11710 | Lair:5   | Reached skill level 10 in Invocations
 11713 | Lair:5   | Found a viscous altar of Jiyva.
 11713 | Lair:5   | Found a staircase to the Slime Pits.
 11751 | Lair:5   | Gained mutation: Your large and strong wings let you fly.
                  | [Gargoyle growth]
 11751 | Lair:5   | Reached XP level 14. HP: 52/88 MP: 21/21
 11784 | Lair:5   | Reached skill level 10 in Armour
 11914 | Lair:5   | Noticed a dire elephant
 11914 | Lair:5   | Noticed a dire elephant
 11914 | Lair:5   | Noticed a dire elephant
 11920 | Lair:5   | Noticed a dire elephant
 11924 | Lair:5   | Reached skill level 11 in Invocations
 12463 | Lair:5   | Killed a dire elephant
 12467 | Lair:5   | Reached skill level 12 in Invocations
 12472 | Lair:5   | Killed a dire elephant
 12668 | Lair:5   | Killed a dire elephant
 12715 | Lair:5   | Killed a dire elephant
 13781 | Orc:1    | Found Ekhaor's Jewellery Boutique.
 13803 | Orc:1    | Bought a ring of willpower for 450 gold pieces
 14067 | Orc:2    | Found a staircase to the Elven Halls.
 14272 | Orc:2    | Found Merrewim's Weapon Shop.
 14272 | Orc:2    | Found Opexaizu's Jewellery Shoppe.
 14295 | Orc:2    | Bought the ring of Vukodoxi {rElec AC+4 Str+5 Int-5 Dex-5}
                  | for 474 gold pieces
 14385 | Orc:2    | Reached skill level 13 in Invocations
 14507 | Orc:2    | Reached XP level 15. HP: 92/92 MP: 24/24
 14694 | Orc:2    | Found Hekogyh's Weapon Shoppe.
 14763 | Orc:2    | Found Dimucabb's Jewellery Shop.
 15168 | D:10     | Entered Level 10 of the Dungeon
 15312 | D:10     | Found a broken altar of Ashenzari.
 15760 | D:11     | Noticed Fannar
 15798 | D:11     | Killed Fannar
 15803 | D:11     | Identified the +7 falchion of Tenacity {venom, Str+2}
 15824 | D:11     | Reached skill level 14 in Invocations
 16295 | D:12     | Noticed Psyche
 16306 | D:12     | Killed Psyche
 17004 | D:13     | Reached skill level 10 in Evocations
 17314 | D:13     | Identified the +6 dagger of Zypuebry {vorpal, Int+4}
 17498 | D:13     | Reached skill level 15 in Invocations
 17643 | D:13     | Found a gate to the Vaults.
 17990 | D:14     | Found a runed translucent door.
 17990 | D:14     | Noticed a tengu reaver
 18707 | D:15     | Entered Level 15 of the Dungeon
 18735 | D:15     | Reached XP level 16. HP: 65/100 MP: 27/27
 18853 | D:15     | Noticed Kirke
 18879 | D:15     | HP: 5/101 [hog[Kirke] (14)]
 18880 | D:15     | Killed Kirke
 19083 | D:15     | Found an ornate altar of the Wu Jian Council.
 19129 | D:15     | Found a staircase to the Depths.
 19982 | D:14     | Reached skill level 16 in Invocations
 19985 | D:14     | Killed a tengu reaver
 19988 | D:14     | Identified the +1 plate armour of Utaexum {rF+ Will+}
 20195 | Swamp:1  | Entered Level 1 of the Swamp
 21114 | Swamp:2  | Reached skill level 15 in Shields
 21674 | Swamp:3  | Noticed a thorn hunter
 21692 | Swamp:3  | Killed a thorn hunter
 22295 | Swamp:4  | Entered Level 4 of the Swamp
 22306 | Swamp:4  | Reached XP level 17. HP: 106/109 MP: 29/29
 22433 | Swamp:4  | Noticed Roxanne
 22481 | Swamp:4  | Killed Roxanne
 22575 | Swamp:4  | Reached skill level 17 in Invocations
 22761 | Swamp:4  | Got a decaying rune of Zot
 23366 | Spider:1 | Entered Level 1 of the Spider Nest
 23441 | Spider:1 | Lost intelligence.
 23700 | Lair:2   | Lost dexterity.
 23715 | Lair:3   | HP: 7/166 [something (8)]
 23721 | Lair:3   | HP: 8/166 [something (12)]
 23721 | Lair:3   | HP: 3/166 [something (5)]
 23724 | Lair:3   | Slain by a ghost moth

Illustrated notes

Levels and vault maps discovered:
D:1:      dpeg_arrival_central, layout_loops_ring,
          chequers_serial_rivers_micro_c
D:2:      layout_loops_ring, hellmonk_ecumenical_altar_heavens_door
D:3:      layout_basic, dk_yredelemnul_ordeal, elyvilon_altar_1,
          grunt_qazlal_clouds, serial_undead, serial_undead_f, serial_undead_a,
          serial_undead_b, serial_undead_a, serial_undead_d, serial_undead_a,
          serial_undead_e, serial_undead_a, st_stairs_9, minmay_distorted,
          uniq_sigmund, uniq_jessica, uniq_pargi
D:4:      minmay_door_path, layout_rooms, mainiacjoe_overflow_alcove_4,
          temple_fountains, gammafunk_ghost_smash
D:5:      layout_loops_ring, serial_glass, glass_columns_c, glass_columns_b,
          glass_columns_a, glass_columns_b, glass_columns_c, glass_columns_a,
          glass_columns_b, glass_columns_a
D:6:      layout_loops_ring, chequers_temple_overflow_statue_of_worship,
          uniq_maggie, uniq_menkaure
D:7:      layout_rooms, general_overflow_altar
D:8:      layout_rooms, old_standard_altar, zin_purify, minmay_misc_feat_tower,
          uniq_amaemon, uniq_prince_ribbit1
D:9:      layout_long_grid, lair_entry_dummy, orc_david_3, uniq_maurice
D:10:     layout_cave_pools, evilmike_ruin_ashenzari
D:11:     layout_rooms, minivault_19, uniq_fannar
D:12:     layout_basic, uniq_psyche
D:13:     layout_loops_ring, erik_vaults_2
D:14:     layout_gridville, nicolae_lava_and_water, kennysheep_treasure_room
D:15:     grunt_enter_depths_giant_problem, layout_basic,
          nzn_wu_jian_contemplation, uniq_kirke
Lair:1:   layout_chaotic_city, grunt_forest_large_clearing_hut
Lair:2:   layout_gridlike, hellmonk_spider_entry_not_the_bees, basic_altar,
          nicolae_lair_grazing_beasts [nicolae_sub_lair_graze_edge,
          nicolae_sub_lair_graze_edge, nicolae_sub_lair_graze_edge,
          nicolae_sub_lair_graze_edge]
Lair:3:   lemuel_reptile_caves, layout_hall_layers, minmay_swamp_entry_worms,
          grunt_megastairs_4
Lair:4:   layout_regular_city, grunt_megastairs_1, infiniplex_staircase_pool_2,
          serial_bayou_shore_b, serial_bayou_shore_a, lemuel_fruit_tree,
          uniq_sonja
Lair:5:   due_jungle_book, layout_misc_corridors, dpeg_slime_entry_enclosed,
          serial_bayou_shore_b
Swamp:1:  layout_falls_marsh, evilmike_swamp_ruin_rubble_2, worms_lemuel
Swamp:2:  layout_basic_swamp, hangedman_swamp_ruin_wall, swamp_pool1
Swamp:3:  layout_basic_swamp, evilmike_swamp_ruin_house_6
Swamp:4:  swamp_fiery, layout_basic_swamp, uniq_roxanne
Spider:1: layout_spider_delve, hellmonk_motheaten_closet, uniq_azrael
Orc:1:    layout_diamond_mine, serial_shops, nicolae_shop_advertising_works
          [nicolae_subvault_shop_adworks]
Orc:2:    st_orc_town, layout_diamond_mine, portal_ice_cave_entry_ice_simulacra

Skill      XL: |  1  2  3  4  5  6  7  8  9 10 11 12 13 14 15 16 17 |
---------------+----------------------------------------------------+-----
Fighting       | 5 9 10 11 13 14 | 14.1
Maces & Flails | 4 5 6 8 9 10 12 | 12.0
Armour         | 4 5 9 10 | 10.0
Dodging        | 2 4 5 |  5.0
Invocations    | 4 7 8 10 13 15 16 17 | 17.4
Shields        | 5 8 10 12 13 15 16 | 16.1
Evocations     | 4 5 8 10 | 10.0

Action                   |  1- 3 |  4- 6 |  7- 9 | 10-12 | 13-15 | 16-18 || total
-------------------------+-------+-------+-------+-------+-------+-------++-------
Melee: Flail             |    71 |    95 |   389 |       |       |       ||   555
       Morningstar       |       |       |    47 |   103 |       |       ||   150
       Demon whip        |       |       |       |   614 |  1712 |   920 ||  3246
Throw: Javelin           |       |       |       |     3 |       |       ||     3
Invok: Upheaval          |       |       |       |     2 |    16 |     4 ||    22
       Elemental Force   |       |       |       |     2 |     7 |     1 ||    10
       Disaster Area     |       |       |       |       |     1 |       ||     1
Evoke: Wand              |       |     1 |     3 |     2 |     2 |       ||     8
  Use: Scroll            |     4 |     1 |     3 |     7 |    12 |     5 ||    32
       Potion            |     1 |     1 |       |     2 |     2 |    18 ||    24
 Stab: Sleeping          |     1 |       |       |       |       |       ||     1
       Petrified         |       |       |       |     7 |       |       ||     7
       Paralysed         |       |       |       |     2 |     7 |       ||     9
       Confused          |       |       |       |       |       |     1 ||     1
Armor: Scale mail        |    26 |    79 |    90 |       |       |       ||   195
       Plate armour      |       |       |   157 |   380 |   570 |   776 ||  1883
       Skin              |       |       |       |       |       |    52 ||    52
Dodge: Dodged            |    30 |    63 |   145 |   166 |   231 |   145 ||   780
       Repelled          |       |       |       |     2 |     5 |    16 ||    23
Block: Buckler           |    17 |    32 |   148 |    92 |       |       ||   289
       Kite shield       |       |       |       |   461 |   952 |       ||  1413
       Tower shield      |       |       |       |       |    79 |   983 ||  1062
       Other             |       |       |       |       |       |     1 ||     1
